 Dungeon Crawl Stone Soup version 0.29.1-15-g9cfb28693d (webtiles) character file.

Game seed: 4556915176822151563

30 CrabNicholson the Ducker (level 3, 0/26 HPs)
             Began as a Draconian Wanderer on Feb 21, 2023.
             Slain by Sigmund
             ... wielding a +0 scythe
              (8 damage)
             ... on level 2 of the Dungeon.
             The game lasted 00:11:27 (1444 turns).

CrabNicholson the Ducker (Draconian Wanderer)       Turns: 1444, Time: 00:11:27

Health: 0/26       AC:  7    Str: 10 (13) XL:     3   Next: 5%
Magic:  4/4        EV: 13    Int: 19 (22) God:
Gold:   78         SH:  0    Dex: 12 (15) Spells: 1/4 levels left

rFire   . . .      SeeInvis +   a - +0 club (vorpal)
rCold   . . .      Faith    .   (no shield)
rNeg    . . .      Spirit   .   (body armour unavailable)
rPois   .          Reflect  .   (helmet restricted)
rElec   .          Harm     .   (no cloak)
rCorr   .          Rampage  .   (no gloves)
Will    .....                   c - +1 pair of boots
Stlth   +.........              (no amulet)
HPRegen 0.08/turn               h - ring of Giul {Drain Fly Int+8 Dex+4 SInv}
MPRegen 0.09/turn               (no ring)

@: mighty, flying
A: AC +5, unfitting armour, cold-blooded
a: no special abilities


You were on level 2 of the Dungeon.
You visited 1 branch of the dungeon, and saw 2 of its levels.

You collected 78 gold pieces.

Inventory:

Hand Weapons
 a - a +0 vorpal club (weapon)
 n - a +2 sling of flaming
Missiles
 d - 7 stones
 f - 4 poisoned darts
 i - 2 javelins
Armour
 c - a +1 pair of boots (worn)
Jewellery
 h - the ring of Giul (left hand) {Drain Fly Int+8 Dex+4 SInv}
   (You found it on level 2 of the Dungeon)

   [ring of see invisible]

   Int:       It affects your intelligence (+8).
   Dex:       It affects your dexterity (+4).
   SInv:      It lets you see invisible.
   Fly:       It grants you flight.
   Drain:     It drains your maximum health when unequipped.
Scrolls
 e - a scroll of enchant armour
Potions
 g - a potion of degeneration
 j - a potion of curing
 k - a potion of attraction


   Skills:
 + Level 1.2 Maces & Flails
 + Level 0.2 Throwing
 + Level 4.0 Dodging
 + Level 1.2 Spellcasting
 + Level 2.9 Hexes
 + Level 2.0 Air Magic


You had one spell level left.
You knew the following spells:

 Your Spells              Type           Power      Damage    Failure   Level
a - Slow                  Hex            48%        N/A       5%          1
b - Poisonous Vapours     Pois/Air       10%        N/A       19%         2

Your spell library contained the following spells:

 Spells                   Type           Power      Damage    Failure   Level
 Static Discharge         Conj/Air       5%         3-4/arc   19%         2
 Fulminant Prism          Conj/Hex       3%         3d6       69%         4
 Leda's Liquefaction      Hex/Erth       3%         N/A       69%         4


Dungeon Overview and Level Annotations

Branches:
Dungeon (2/15)

Altars:

Annotations:
D:2 Sigmund


Innate Abilities, Weirdness & Mutations

Your plain brown scales are hard. (AC +5)
You cannot fit into any form of body armour.
You are cold-blooded and may be slowed by cold attacks.


Message History

The ball python constricts you.
The ball python's grasp on you weakens, but your attempt to escape fails.
Sigmund hits you but does no damage.
The ball python bites you but does no damage.
The ball python constricts you.
* * * LOW HITPOINT WARNING * * *
You bump into the rock wall.
You feel less confused. The ball python bites you.
* * * LOW HITPOINT WARNING * * *
The ball python constricts you. Sigmund hits you but does no damage.
You closely miss the ball python.
The ball python is severely wounded.
The ball python barely misses you. The ball python constricts you.
The ball python bites you.
* * * LOW HITPOINT WARNING * * *
The ball python constricts you.
You hit the ball python.
You kill the ball python!
Sigmund barely misses you.
You see here a ball python corpse.
As you read the scroll of fear, it crumbles to dust.
You assume a fearsome visage.
Sigmund looks frightened!
Sigmund mumbles some strange words.
Sigmund flickers and vanishes for a moment.
You reach down and open the door.
Found 10 gold pieces.
There is an open door here.
You see here 10 gold pieces.
You reach down and open the door.
As you read the scroll labelled HEFEMA CEG SECK, it crumbles to dust.
It is a scroll of amnesia.
Really abort (and waste the scroll)?
Okay, then.
Sigmund closely misses you.
Okay, then.
You feel very mighty all of a sudden.
Sigmund smiles chillingly.
Sigmund hits you from afar with a +0 scythe!
You die...

##...## #. ##.....##
#.## ##.......## #..##
#.........####...#####
+.........'...........
#.........#.......####
##.....@.##.#####†#
##...$.###.# #.#
##.@.## #.# #.# ##'##
#.# #.# #.# #.#####.#
#.# #.......# #.#
######.## ... ..# ...
#### ...


You could see Sigmund (invisible).

Vanquished Creatures
  A worm (D:2)
  4 ball pythons
  3 endoplasms (D:1)
  A giant cockroach (D:1)
  5 goblins (D:1)
  3 hobgoblins (D:1)
  3 bats
  A frilled lizard (D:2)
  2 kobolds (D:1)
  3 rats
26 creatures vanquished.

Notes
Turn   | Place    | Note
-------+----------+-------------------------------------------
     0 | D:1      | CrabNicholson the Draconian Wanderer began the quest for
                  | the Orb.
     0 | D:1      | CrabNicholson set off with the following items: a +0 club,
                  | a scroll of fear, a +0 pair of boots; and the following
                  | spell memorised: Slow; and the following spells available
                  | to memorise: Poisonous Vapours, Static Discharge, Fulminant
                  | Prism, Leda's Liquefaction.
     0 | D:1      | Reached XP level 1. HP: 14/14 MP: 2/2
   687 | D:1      | Reached XP level 2. HP: 17/20 MP: 3/3
   852 | D:1      | Reached skill level 1 in Maces & Flails
  1104 | D:2      | Identified the ring of Giul {Drain Fly Int+8 Dex+4 SInv}
  1308 | D:2      | Reached skill level 4 in Dodging
  1308 | D:2      | Reached XP level 3. HP: 26/26 MP: 4/4
  1383 | D:2      | Learned a level 2 spell: Poisonous Vapours
  1400 | D:2      | Noticed Sigmund
  1444 | D:2      | Slain by Sigmund

Illustrated notes

Levels and vault maps discovered:
D:1:      amcnicky_arrival_abandoned_market, layout_loops_ring
D:2:      layout_loops_corners, uniq_sigmund

Skill      XL: |  1  2 |
---------------+-------+-----
Maces & Flails | 1 |  1.2
Dodging        | 4 |  4.0
Throwing       | |  0.2
Spellcasting   | |  1.2
Hexes          | |  2.9
Air Magic      | |  2.0

Action                   || total
-------------------------++-------
Melee: Club              ||   109
       Tailslap          ||     6
Throw: Stone             ||    15
       Javelin           ||     2
       Dart              ||     2
 Cast: Slow              ||     6
       Poisonous Vapours ||     1
  Use: Scroll            ||     7
       Potion            ||     5
Armor: Skin              ||    55
Dodge: Dodged            ||    84
